 Dungeon Crawl Stone Soup version 0.29.1-2-gbd0b4ee654 (webtiles) character file.

Game seed: 11800072792803567666

249373 DildoBatman the Earth Mage (level 20, -7/168 HPs)
             Began as a Formicid Conjurer on Nov 28, 2022.
             Was an Initiate of Gozag.
             Mangled by a boulder beetle (49 damage)
             ... on level 1 of the Vaults.
             The game lasted 02:26:06 (34446 turns).

DildoBatman the Earth Mage (Formicid Conjurer)     Turns: 34446, Time: 02:26:06

Health: -7/168     AC: 16    Str: 14    XL:     20   Next: 38%
Magic:  9/38       EV: 16    Int: 40    God:    Gozag
Gold:   5685       SH: 18    Dex: 11    Spells: 22/48 levels left

rFire   . . .      SeeInvis +   b - +2 hand crossbow (flame)
rCold   . . .      Faith    .   d - +0 tower shield
rNeg    . . .      Spirit   .   o - +4 troll leather armour
rPois   .          Reflect  .   (helmet unavailable)
rElec   .          Harm     .   l - +0 cloak
rCorr   .          Rampage  .   Y - +2 pair of gloves "Xoumn" {Str+3 Int+3}
Will    ++...                   B - +0 pair of boots
Stlth   ++........              m - amulet of magic regeneration
HPRegen 1.18/turn               X - +4 ring of evasion
MPRegen 0.66/turn               O - +6 ring of intelligence

@: gold aura, studying 2 skills
A: permanent stasis, dig shafts and tunnels, antennae 3, four strong arms,
clever 1, robust 1, wild magic 1
}: 2/15 runes: barnacled, gossamer
a: Dig, Shaft Self, Renounce Religion, Potion Petition, Call Merchant, Bribe
Branch


You were on level 1 of the Vaults.
You worshipped Gozag.
Gozag was greatly pleased with you.
You visited 7 branches of the dungeon, and saw 32 of its levels.
You also visited: Ice Cave and Volcano.

You collected 9353 gold pieces.
You spent 3025 gold pieces at shops.
You paid 643 gold pieces to Gozag.

Inventory:

Hand Weapons
 a - a +2 spectral lajatang
 b - a +2 hand crossbow of flaming (weapon)
 c - the +10 dark maul {vorpal}
   (You took it off a two-headed ogre on level 9 of the Dungeon)

   It inflicts extra damage upon your enemies.
Missiles
 h - 4 throwing nets
 k - 19 javelins
 J - 12 silver javelins
Armour
 d - a +0 tower shield (worn)
 l - a +0 cloak (worn)
 o - a +4 troll leather armour (worn)
 B - a +0 pair of boots (worn)
 Y - the +2 pair of gloves "Xoumn" (worn) {Str+3 Int+3}
   (You found it on level 1 of the Lair of Beasts)

   Str:       It affects your strength (+3).
   Int:       It affects your intelligence (+3).
Magical Staves
 i - a staff of death
 v - a staff of air
Jewellery
 m - an amulet of magic regeneration (around neck)
 x - a ring of protection from cold
 y - a ring of flight
 H - the ring "Muxt" {rCorr Str+3 Dex+3}
   (You took it off a gnoll on level 8 of the Dungeon)

   [ring of resist corrosion]

   Str:       It affects your strength (+3).
   Dex:       It affects your dexterity (+3).
   rCorr:     It protects you from acid and corrosion.
 K - a ring of poison resistance
 O - a +6 ring of intelligence (right hand)
 X - a +4 ring of evasion (left hand)
 Z - a +6 ring of dexterity
Wands
 p - a wand of digging (6)
 w - a wand of iceblast (40)
 F - a wand of acid (22)
Scrolls
 f - a scroll of fear
 n - 5 scrolls of enchant weapon
 q - 6 scrolls of fog
 r - 4 scrolls of amnesia
 s - 7 scrolls of immolation
 z - 4 scrolls of identify
 C - 3 scrolls of magic mapping
 E - 6 scrolls of summoning
 M - 4 scrolls of torment
 T - 4 scrolls of poison
Potions
 e - 16 potions of heal wounds
 j - 5 potions of magic
 t - 6 potions of invisibility
 u - 10 potions of curing
 A - 6 potions of cancellation
 G - 11 potions of might
 I - 3 potions of resistance
 L - 9 potions of ambrosia
 N - 6 potions of brilliance
 U - 4 potions of mutation
Miscellaneous
 g - a condenser vane
 D - a box of beasts
 S - a phantom mirror


   Skills:
 - Level 12.0 Fighting
 - Level 12.0 Armour
 - Level 8.0 Dodging
 - Level 2.4 Stealth
 - Level 15.0 Shields
 * Level 14.7 Spellcasting
 - Level 5.0 Conjurations
 * Level 17.0 Necromancy
 - Level 12.0 Transmutations
 * Level 18.5 Earth Magic


You had 22 spell levels left.
You knew the following spells:

 Your Spells              Type           Power      Damage    Failure   Level
a - Borgnjor's Vile Clut  Necr/Erth      61%        N/A       1%          5
b - Statue Form           Tmut/Erth      76%        N/A       2%          6
d - Vampiric Draining     Necr           100%       2d13      1%          3
f - Necromutation         Tmut/Necr      56%        N/A       61%         8
h - Dispel Undead         Necr           100%       3d31      1%          4

Your spell library contained the following spells:

 Spells                   Type           Power      Damage    Failure   Level
 Magic Dart               Conj           100%       1d8       1%          1
 Necrotise                Necr           100%       1d9       1%          1
 Sandblast                Erth           100%       2d20      1%          1
 Searing Ray              Conj           100%       2d8       1%          2
 Spider Form              Tmut/Pois      79%        N/A       1%          3
 Animate Armour           Summ/Erth      100%       N/A       1%          4
 Leda's Liquefaction      Hex/Erth       47%        N/A       1%          4
 Petrify                  Tmut/Erth      100%       N/A       1%          4
 Agony                    Necr           100%       N/A       1%          5
 Blade Hands              Tmut           52%        N/A       1%          5
 Lee's Rapid Deconstruct  Erth           62%        3d29*     1%          5
 Death Channel            Necr           60%        N/A       1%          6
 Shock                    Conj/Air       100%       1d9       2%          1
 Anguish                  Hex/Necr       45%        N/A       2%          4
 Static Discharge         Conj/Air       59%        3-11/arc  3%          2
 Apportation              Tloc           76%        N/A       6%          1
 Slow                     Hex            100%       N/A       6%          1
 Summon Small Mammal      Summ           100%       N/A       6%          1
 Dazzling Flash           Conj/Hex       100%       N/A       6%          3
 Iron Shot                Conj/Erth      51%        9d10      7%          6
 Alistair's Intoxication  Tmut/Pois      52%        N/A       13%         5
 Confusing Touch          Hex            38%        N/A       16%         3
 Fulminant Prism          Conj/Hex       29%        3d14      17%         4
 Iskenderun's Mystic Bla  Conj/Tloc      59%        2d12      17%         4
 Sticky Flame             Conj/Fire      59%        2d7       17%         4
 Iskenderun's Battlesphe  Conj           74%        2d12      17%         5
 Borgnjor's Revivificati  Necr           60%        N/A       30%         8
 Infestation              Necr           60%        N/A       30%         8
 Airstrike                Air            19%        2d(3-19)  43%         4
 Olgreb's Toxic Radiance  Pois           38%        N/A       43%         4
 Fireball                 Conj/Fire      29%        3d13      43%         5
 Haunt                    Necr/Summ      45%        N/A       73%         7
 Metabolic Englaciation   Hex/Ice        19%        N/A       75%         5
 Summon Forest            Summ/Tloc      19%        N/A       75%         5
 Summon Mana Viper        Hex/Summ       38%        N/A       75%         5
 Starburst                Conj/Fire      29%        6d9       92%         6
 Death's Door             Necr           60%        N/A       98%         9
 Summon Cactus Giant      Summ           19%        N/A       99%         6
 Spellforged Servitor     Conj/Summ      29%        N/A       100%        7
 Ignition                 Fire           19%        3d7       100%        8
 Animate Dead             Necr           Unusable   N/A       N/A         4
 Corpse Rot               Necr/Pois/Air  Unusable   N/A       N/A         4
 Swiftness                Air            Unusable   N/A       N/A         3

Dungeon Overview and Level Annotations

Branches:
Dungeon (15/15)            Temple (1/1) D:6            Lair (5/5) D:8
 Shoals (4/4) Lair:2       Spider (4/4) Lair:2        Slime (0/5) Lair:5
    Orc (2/2) D:9             Elf (0/3) Orc:2        Vaults (1/5) D:13
 Depths (0/4) D:15          IceCv (visited)         Volcano (visited)

Altars:
Ashenzari
Cheibriados
Dithmenos
Elyvilon
Fedhas
Gozag
Hepliaklqana
Kikubaaqudgha
Makhleb
Nemelex Xobeh
Okawaru
Qazlal
Ru
Sif Muna
Trog
Uskayaw
Vehumet
Wu Jian
Xom
Yredelemnul
Zin
The Shining One
Jiyva

Shops:
D:2 ?   D:3 (   D:11 !*   Orc:2 [(!!   Shoals:1 [*(*   Shoals:2 :!:
Shoals:4 :

Annotations:
D:11 Erolcha
Lair:5 exclusion: wizard
Orc:1 Jorgrun


Innate Abilities, Weirdness & Mutations

You cannot be hasted, slowed, berserked, paralysed or teleported.
You can dig through walls and to a lower floor.
You have a pair of large antennae on your head. (SInv)
Your four strong arms can wield two-handed weapons with a shield.
Your mind is acute. (Int +4, Str/Dex -1)
You are robust. (+10% HP)
Your spells are a little harder to cast, but a little more powerful.


Message History

Confirm with . or Enter, or press ? or * to list all spells.
Aiming: Borgnjor's Vile Clutch (mildly dangerous; 1% risk of failure)
Press: ? - help, Shift-Dir - straight line, f - yaktaur, p - great orb of eyes
Aim: a yaktaur, wielding a +0 arbalest (heavily wounded, 100% to hit)
Zombie hands grab the yaktaur.
The zombie hands constrict the yaktaur!
The zombie hands constrict the great orb of eyes!!
You kill the great orb of eyes!
You hear a shout!
The boulder beetle curls into a ball and begins rolling!
The yaktaur shoots a bolt.
The bolt hits you!!
Casting: Borgnjor's Vile Clutch (mildly dangerous; 1% risk of failure)
Confirm with . or Enter, or press ? or * to list all spells.
Aiming: Borgnjor's Vile Clutch (mildly dangerous; 1% risk of failure)
Press: ? - help, Shift-Dir - straight line, f - boulder beetle, p - yaktaur
Aim: a boulder beetle (rolling, 100% to hit)
Zombie hands grab the boulder beetle.
The zombie hands constrict the boulder beetle.
The zombie hands constrict the yaktaur!!
You kill the yaktaur!
The boulder beetle struggles to escape constriction.
Your +2 hand crossbow of flaming bursts into flame!
b - a +2 hand crossbow of flaming (weapon)
The zombie hands constrict the boulder beetle.
The boulder beetle escapes!
Casting: Borgnjor's Vile Clutch (mildly dangerous; 1% risk of failure)
Confirm with . or Enter, or press ? or * to list all spells.
Aiming: Borgnjor's Vile Clutch (mildly dangerous; 1% risk of failure)
Press: ? - help, Shift-Dir - straight line, f - yaktaur, p - boulder beetle
Aim: a yaktaur (100% to hit)
Zombie hands grab the boulder beetle.
Zombie hands grab the yaktaur.
The zombie hands constrict the boulder beetle, but do no damage.
The zombie hands constrict the yaktaur.
The yaktaur struggles to escape constriction.
An ironbound preserver comes into view. It is wielding a +0 great mace.
The boulder beetle hits you!!!
You die...
Your body crumbles into a pile of gold.

....# #.......#..# (...#
##############.......#..#
#####
#...........##########..#
#...p.......# #..#
#.{###.###..# #..#
#######B.#.....#..# #..#
....{{'..#{#9#°#..# #..#
.{...{#$....#c.B..# #..#
......#..#.#{#.#@.# #..#
......#.{#.....#..# #..#
......#.{###.###..# #..#
......#........$..# #..#
#######...........# #..#
################## #..#
#.....# #..#
###########.....# #..#
#........##..#..## #..#


You could see an ironbound preserver, a boulder beetle (rolling, clutched), a
crystal guardian and a yaktaur (clutched).

Vanquished Creatures
  Mara (Spider:3)
  Arachne (Spider:3)
  An Ice Fiend (IceCv)
  Mlioglotl (Shoals:1)
  Asterion (Spider:3)
  Agnes (Spider:3)
  A fenstrider witch (Shoals:2)
  A fire giant (D:15)
  3 ghost moths
  2 vault wardens (Vaults:1)
  4 emperor scorpions (Spider:4)
  Louise (Spider:3)
  Aizul (Spider:1)
  A frost giant (D:13)
  8 broodmothers
  2 ironbound preservers (Vaults:1)
  Nessos (Orc:2)
  5 very ugly things (Vaults:1)
  3 entropy weavers
  2 spark wasps
  5 merfolk javelineers
  Snorg (D:14)
  An ettin (D:13)
  Josephine (D:10)
  5 merfolk impalers
  A great orb of eyes (Vaults:1)
  An ice dragon (D:14)
  A peacekeeper (Vaults:1)
  A radroach (Spider:1)
  4 merfolk avatars
  7 boulder beetles
  5 vault guards
  An ogre mage (D:13)
  7 centaur warriors
  13 hydras
  3 alligator snapping turtles (Shoals:4)
  2 ironbound frosthearts (Vaults:1)
  Erica (Orc:1)
  6 merfolk aquamancers
  7 two-headed ogres
  3 satyrs
  2 catoblepae
  11 death yaks
  2 tengu warriors (D:15)
  Urug (Lair:2)
  Nergalle (D:11)
  6 orc high priests (Orc:2)
  2 fire crabs
  5 pharaoh ants
  A shadow wraith (D:13)
  A skeletal warrior (D:13)
  A sun moth (Spider:4)
  4 steelbarb worms (Spider:4)
  9 orb spiders
  12 sea snakes
  A flayed ghost (D:13)
  4 deep trolls (Vaults:1)
  An obsidian statue (IceCv)
  9 spriggan simulacra (IceCv)
  A bog body (IceCv)
  3 deep elf pyromancers (D:13)
  23 harpies
  A kraken simulacrum (Shoals:4)
  3 lindwurms (Vaults:1)
  2 wizards (Vaults:1)
  2 orc knights
  8 fauns (Shoals:1)
  A mana viper (shapeshifter) (D:13)
  23 manticores
  2 oklob plants (Shoals:3)
  15 ugly things
  15 wolf spiders
  11 cyclopes
  An orc sorcerer (Orc:2)
  3 moths of wrath
  2 salamanders (Volcano)
  4 elephants (Lair:4)
  7 black mambas
  A vault sentinel (Vaults:1)
  4 torpor snails
  10 merfolk sirens
  21 cane toads
  10 water nymphs
  6 demonic crawlers
  An efreet (D:14)
  A freezing wraith (IceCv)
  6 komodo dragons
  A kobold demonologist (D:13)
  2 anaconda simulacra (IceCv)
  9 ice devils (IceCv)
  4 yaktaurs
  8 rime drakes
  6 trolls
  6 tengu conjurers
  2 golden dragon simulacra (IceCv)
  5 meliai
  5 polar bears
  26 merfolk
  A tyrant leech (shapeshifter) (D:14)
  5 wind drakes
  The ghost of Henri the Chiller, an amateur DsIE (D:4)
  24 tarantellas
  17 slime creatures
  5 snapping turtles
  6 dream sheep
  9 blink frogs
  Sigmund (D:2)
  20 jumping spiders
  A shadow (D:10)
  24 culicivoras
  8 wraiths
  3 wyverns
  2 dire elephant simulacra (IceCv)
  2 vampires (D:11)
  A human (D:13)
  32 yaks
  14 water elementals
  9 basilisks
  A fire bat (Volcano)
  10 minotaur simulacra (IceCv)
  20 redbacks
  10 vampire mosquitoes
  A basilisk (shapeshifter) (D:15)
  A steam dragon (Lair:4)
  3 harpy simulacra (IceCv)
  5 swamp worms (Lair:1)
  4 wargs (Orc:2)
  3 acid dragons
  13 water moccasins
  2 hell hounds (Volcano)
  A hydra simulacrum (IceCv)
  A meliai simulacrum (D:15)
  4 ice beasts
  An alligator simulacrum (IceCv)
  15 orc warriors
  2 sky beasts
  3 boggarts (D:15)
  14 ogres
  13 wolves
  5 black bears
  17 centaurs
  2 phantoms
  3 kobold brigands (D:9)
  14 bullfrogs
  2 necrophages
  4 deep troll simulacra (IceCv)
  7 gnoll sergeants
  14 scorpions
  4 wights
  A lindwurm simulacrum (IceCv)
  14 killer bees
  2 electric eels
  4 hounds
  4 jellies (Lair:5)
  3 quasits (D:4)
  32 orc priests
  3 gnoll boudas
  Jessica (D:3)
  Terence (D:2)
  6 hell rats
  2 iguanas
  10 orc wizards
  Robin (D:2)
  23 gnolls
  8 adders
  A shadow imp (D:8)
  A white imp (D:6)
  An ufetubus (D:5)
  A worm (Lair:2)
  3 dart slugs
  69 orcs
  4 ball pythons
  4 bats (D:1)
  7 endoplasms
  2 giant cockroaches
  13 goblins
  12 hobgoblins
  3 jackals (D:2)
  6 kobolds
  2 quokkas
  2 frilled lizards
  7 rats
  13 briar patches (Lair:1)
  A tentacle (Shoals:4)
1102 creatures vanquished.

Vanquished Creatures (others)
  A merfolk impaler (Shoals:4)
  A fire crab (shapeshifter) (D:13)
  A briar patch (Lair:1)
  10 fungi
  37 plants
  3 tentacles (Shoals:4)
53 creatures vanquished.

Grand Total: 1155 creatures vanquished

Notes
Turn   | Place    | Note
-------+----------+-------------------------------------------
     0 | D:1      | DildoBatman the Formicid Conjurer began the quest for the
                  | Orb.
     0 | D:1      | Reached XP level 1. HP: 13/13 MP: 3/3
   185 | D:1      | Reached XP level 2. HP: 8/20 MP: 0/5
   188 | D:1      | Learned a level 2 spell: Searing Ray
   461 | D:1      | Reached XP level 3. HP: 25/25 MP: 1/6
   462 | D:1      | Reached skill level 1 in Fighting
   462 | D:1      | Reached skill level 1 in Armour
   692 | D:2      | Found Gegir's Magic Scroll Shoppe.
  1133 | D:2      | Found a faded altar of an unknown god.
  1176 | D:2      | Reached XP level 4. HP: 32/32 MP: 3/8
  1721 | D:3      | Found Xirhi's Antique Weapon Shoppe.
  1732 | D:3      | Noticed Terence
  1774 | D:3      | Noticed Sigmund
  1998 | D:3      | Noticed Jessica
  2516 | D:2      | Bought a scroll of magic mapping for 82 gold pieces
  2516 | D:2      | Bought a scroll of identify for 22 gold pieces
  2516 | D:2      | Bought a scroll of fog for 44 gold pieces
  2516 | D:2      | Bought a scroll of identify for 22 gold pieces
  2516 | D:2      | Bought a scroll of fog for 44 gold pieces
  2518 | D:2      | Gained mutation: Your muscles are strong. (Str +4, Int/Dex
                  | -1) [potion of mutation]
  2519 | D:2      | Lost mutation: Your muscles are strong. (Str +4, Int/Dex
                  | -1) [potion of mutation]
  2519 | D:2      | Gained mutation: You have hidden genetic potential. [potion
                  | of mutation]
  2519 | D:2      | Gained mutation: You expend magic power (3 MP) to
                  | strengthen your wands. [potion of mutation]
  2613 | D:4      | Noticed an ogre
  2661 | D:4      | Found a transporter.
  2661 | D:4      | Noticed Henri's ghost (amateur DsIE)
  2677 | D:5      | Entered Level 5 of the Dungeon
  2726 | D:5      | Noticed a scorpion
  2755 | D:5      | Reached XP level 5. HP: 34/38 MP: 3/9
  2969 | D:6      | Found a staircase to the Ecumenical Temple.
  2979 | Temple   | Entered the Ecumenical Temple
  3120 | Temple   | Became a worshipper of Kikubaaqudgha
  3307 | D:2      | Noticed Robin
  3330 | D:2      | Gained mutation: You passively dampen the noise of your
                  | surroundings. [hidden potential]
  3358 | D:2      | Killed Robin
  3485 | D:2      | Killed Terence
  3545 | D:2      | Killed Sigmund
  3546 | D:2      | Reached XP level 6. HP: 34/47 MP: 0/11
  3561 | D:2      | Learned a level 3 spell: Vampiric Draining
  3566 | D:3      | Gained mutation: Your spells are a little harder to cast,
                  | but a little more powerful. [hidden potential]
  3566 | D:3      | Lost mutation: You have hidden genetic potential. [hidden
                  | potential expressed]
  3598 | D:3      | Killed Jessica
  3599 | D:3      | Reached XP level 7. HP: 47/52 MP: 6/12
  3630 | D:3      | Found a glowing silver altar of Zin.
  3630 | D:3      | Found a snail-covered altar of Cheibriados.
  3733 | D:4      | Reached skill level 5 in Conjurations
  3842 | D:4      | Found a transporter.
  3906 | D:4      | Reached skill level 5 in Spellcasting
  4403 | D:5      | Reached XP level 8. HP: 53/58 MP: 10/17
  4408 | D:5      | Reached * piety under Kikubaaqudgha
  4408 | D:5      | Received a gift from Kikubaaqudgha
  4514 | D:5      | Reached skill level 1 in Necromancy
  4965 | D:6      | You fall into a shaft and drop 2 floors!
  5024 | D:7      | Noticed a troll
  5073 | D:7      | Reached skill level 5 in Necromancy
  5078 | D:7      | Reached XP level 9. HP: 63/63 MP: 8/19
  5322 | D:7      | Killed a troll
  5652 | D:6      | Got the Reference Book on Traumaturgy
  6547 | D:8      | Identified the ring "Muxt" {rCorr Str+3 Dex+3}
  6611 | D:8      | Reached ** piety under Kikubaaqudgha
  6699 | D:8      | Reached XP level 10. HP: 71/71 MP: 8/20
  7174 | D:8      | Reached skill level 1 in Shields
  7280 | D:8      | Reached skill level 5 in Fighting
  7282 | D:8      | Reached skill level 5 in Armour
  7408 | D:8      | Found a staircase to the Lair.
  7877 | D:9      | Noticed a boulder beetle
  8073 | D:9      | Reached *** piety under Kikubaaqudgha
  8073 | D:9      | Received a gift from Kikubaaqudgha
  8080 | D:9      | Learned a level 5 spell: Borgnjor's Vile Clutch
  8085 | D:9      | Learned a level 4 spell: Dispel Undead
  8131 | D:9      | Reached skill level 1 in Earth Magic
  8168 | D:9      | Reached skill level 2 in Earth Magic
  8355 | D:9      | Reached skill level 3 in Earth Magic
  8469 | D:9      | Noticed a two-headed ogre
  8479 | D:9      | Killed a two-headed ogre
  8480 | D:9      | Reached skill level 5 in Earth Magic
  8480 | D:9      | Reached XP level 11. HP: 34/79 MP: 6/23
  8545 | D:9      | Reached skill level 6 in Earth Magic
  8709 | D:9      | Killed a boulder beetle
  8710 | D:9      | Reached skill level 7 in Earth Magic
  8846 | D:9      | Reached skill level 8 in Earth Magic
  8867 | D:9      | Noticed a two-headed ogre
  8969 | D:9      | Killed a two-headed ogre
  8970 | D:9      | Reached skill level 9 in Earth Magic
  9000 | D:9      | Noticed a two-headed ogre
  9022 | D:9      | Killed a two-headed ogre
  9055 | D:9      | Noticed a cyclops
  9124 | D:9      | Killed a cyclops
  9487 | D:9      | Reached skill level 10 in Earth Magic
  9556 | D:9      | Found a staircase to the Orcish Mines.
  9680 | D:9      | Reached skill level 10 in Necromancy
 10230 | D:4      | Killed Henri's ghost
 10256 | D:4      | You fall into a shaft and drop 3 floors!
 10260 | D:7      | You fall into a shaft and drop 1 floor!
 10327 | D:10     | Entered Level 10 of the Dungeon
 10347 | D:10     | Reached **** piety under Kikubaaqudgha
 10349 | D:10     | Reached XP level 12. HP: 86/86 MP: 10/24
 10359 | D:10     | Reached skill level 11 in Earth Magic
 10572 | D:10     | Noticed Josephine
 10578 | D:10     | Killed Josephine
 10622 | D:10     | Found a hazy altar of Hepliaklqana.
 10764 | D:10     | Found a shadowy altar of Dithmenos.
 10995 | D:11     | Found Hittuedd's Distillery.
 11042 | D:11     | Reached skill level 12 in Earth Magic
 11207 | D:11     | Noticed Nergalle
 11217 | D:11     | Killed Nergalle
 11356 | D:11     | Noticed a two-headed ogre
 11370 | D:11     | Killed a two-headed ogre
 11399 | D:11     | Found Niclurph's CLEARANCE SALE!.
 11407 | D:11     | Bought a scroll of immolation for 16 gold pieces
 11407 | D:11     | Bought a potion of might for 16 gold pieces
 11407 | D:11     | Bought a +0 cloak for 18 gold pieces
 11597 | D:11     | Noticed Erolcha
 12168 | D:12     | Identified the +0 robe of the Camelopard {Str-3 Int+3
                  | Dex+4}
 12180 | D:12     | Noticed a five-headed hydra
 12186 | D:12     | Killed a five-headed hydra
 12520 | D:12     | Noticed a two-headed ogre
 12526 | D:12     | Killed a two-headed ogre
 12527 | D:12     | Reached skill level 10 in Spellcasting
 12681 | D:12     | Noticed an eight-headed hydra
 12698 | D:12     | Killed an eight-headed hydra
 12699 | D:12     | Reached XP level 13. HP: 91/91 MP: 4/27
 12953 | Orc:1    | Entered Level 1 of the Orcish Mines
 13146 | Orc:1    | Noticed Erica
 13163 | Orc:1    | Killed Erica
 13249 | Orc:1    | Noticed Jorgrun
 13381 | Orc:2    | Entered Level 2 of the Orcish Mines
 13777 | Orc:2    | Found a staircase to the Elven Halls.
 13795 | Orc:2    | Reached ***** piety under Kikubaaqudgha
 13953 | Orc:2    | Noticed Nessos
 14044 | Orc:2    | Killed Nessos
 14184 | Orc:2    | Reached skill level 5 in Shields
 14185 | Orc:2    | Found Seunloic's Antique Armour Shoppe.
 14185 | Orc:2    | Found Umoef's Weapon Boutique.
 14329 | Orc:2    | Found Jaseonof's Distillery.
 14329 | Orc:2    | Found Semoicag's Distillery.
 14334 | Orc:2    | Bought a potion of heal wounds for 65 gold pieces
 14334 | Orc:2    | Bought a potion of curing for 39 gold pieces
 14334 | Orc:2    | Bought a potion of invisibility for 104 gold pieces
 14343 | Orc:2    | Bought a potion of invisibility for 80 gold pieces
 14343 | Orc:2    | Bought a potion of curing for 30 gold pieces
 14343 | Orc:2    | Bought a potion of invisibility for 80 gold pieces
 14343 | Orc:2    | Bought a potion of heal wounds for 50 gold pieces
 14343 | Orc:2    | Bought a potion of curing for 30 gold pieces
 14343 | Orc:2    | Bought a potion of ambrosia for 80 gold pieces
 14615 | D:13     | Noticed a centaur warrior
 14624 | D:13     | Killed a centaur warrior
 14629 | D:13     | Noticed a boulder beetle
 14680 | D:12     | Learned a level 6 spell: Statue Form
 14681 | D:13     | Noticed a boulder beetle
 14686 | D:13     | Killed a boulder beetle
 14711 | D:13     | Killed a boulder beetle
 15017 | D:13     | Noticed a vault guard
 15047 | D:13     | Noticed a vault guard
 15068 | D:13     | Killed a vault guard
 15069 | D:13     | Reached skill level 5 in Dodging
 15175 | D:13     | Noticed a vault guard
 15179 | D:13     | Reached XP level 14. HP: 103/103 MP: 22/30
 15272 | D:13     | Found a gate to the Vaults.
 15462 | D:13     | Noticed a frost giant
 15480 | D:13     | Killed a frost giant
 15701 | D:13     | Reached ****** piety under Kikubaaqudgha
 15730 | D:13     | Received a gift from Kikubaaqudgha
 15737 | D:13     | Fell from the grace of Kikubaaqudgha
 15913 | Temple   | Became a worshipper of Gozag Ym Sagoz the Greedy
 15987 | Lair:1   | Entered Level 1 of the Lair of Beasts
 16090 | Lair:1   | Found a transporter.
 16527 | Lair:1   | Found a transporter.
 16962 | Lair:2   | Found a hole to the Spider Nest.
 17023 | Lair:2   | Noticed Urug
 17036 | Lair:2   | Killed Urug
 17120 | Lair:2   | Found a staircase to the Shoals.
 17568 | Lair:3   | Found a dark tunnel.
 17577 | Volcano  | Entered a volcano
 17770 | Volcano  | Reached XP level 15. HP: 110/113 MP: 12/31
 18647 | Lair:3   | Reached skill level 10 in Shields
 19123 | Lair:4   | Reached skill level 10 in Armour
 19129 | Lair:4   | Reached skill level 10 in Fighting
 19319 | Lair:4   | Identified the +1 chain mail of Anaesthesia {rC- rN++ rCorr
                  | MP+9}
 20018 | Lair:5   | Entered Level 5 of the Lair of Beasts
 20307 | Lair:5   | Found a staircase to the Slime Pits.
 20312 | Lair:5   | Found a viscous altar of Jiyva.
 20688 | Lair:5   | Reached XP level 16. HP: 107/124 MP: 22/32
 21407 | Lair:1   | Identified the +2 pair of gloves "Xoumn" {Str+3 Int+3}
 22056 | D:14     | Found a frozen archway.
 22073 | IceCv    | Entered an ice cave
 22295 | IceCv    | Reached skill level 15 in Shields
 22457 | IceCv    | Noticed an Ice Fiend
 22560 | IceCv    | Killed an Ice Fiend
 22581 | IceCv    | Got the Spellbook of Duck's Teeth
 22785 | D:14     | Found a shadowy altar of Dithmenos.
 22996 | D:14     | Noticed Snorg
 23002 | D:14     | Killed Snorg
 23041 | D:14     | Reached skill level 13 in Earth Magic
 23055 | D:14     | Reached XP level 17. HP: 133/133 MP: 22/33
 23302 | D:15     | Entered Level 15 of the Dungeon
 23375 | D:15     | Got the Meditations on the Crypt and the Assassin
 23612 | D:15     | Found a staircase to the Depths.
 23718 | D:15     | Was forgiven by Kikubaaqudgha
 24307 | Spider:1 | Entered Level 1 of the Spider Nest
 24391 | Spider:1 | Reached skill level 1 in Transmutations
 24478 | Spider:1 | Noticed Aizul
 24489 | Spider:1 | Killed Aizul
 24490 | Spider:1 | Reached skill level 14 in Earth Magic
 25915 | Spider:3 | Reached skill level 5 in Transmutations
 25960 | Spider:3 | Identified the +7 trident of Cobwebs {vorpal, Str+2}
 25990 | Spider:3 | Noticed Louise
 25990 | Spider:3 | Noticed Mara
 26010 | Spider:3 | Killed Mara
 26011 | Spider:3 | Reached skill level 15 in Earth Magic
 26095 | Spider:3 | Noticed Agnes
 26106 | Spider:3 | Killed Agnes
 26445 | Spider:3 | Noticed Asterion
 26466 | Spider:3 | Noticed Arachne
 26481 | Spider:3 | Killed Arachne
 26482 | Spider:3 | Reached XP level 18. HP: 54/140 MP: 18/34
 26636 | Spider:3 | Killed Louise
 26820 | Spider:3 | Killed Asterion
 26907 | Spider:4 | Entered Level 4 of the Spider Nest
 27597 | Spider:4 | Reached skill level 16 in Earth Magic
 27662 | Spider:4 | Reached skill level 15 in Necromancy
 28239 | Spider:4 | Got a gossamer rune of Zot
 28482 | D:11     | Bought a potion of curing for 39 gold pieces
 28482 | D:11     | Bought a potion of heal wounds for 65 gold pieces
 28944 | Shoals:1 | Entered Level 1 of the Shoals
 29377 | Shoals:1 | Noticed Mlioglotl
 29393 | Shoals:1 | Killed Mlioglotl
 29701 | Shoals:1 | Reached XP level 19. HP: 146/146 MP: 26/35
 29885 | Shoals:1 | Found Qomoan's Merfolk Armours.
 29885 | Shoals:1 | Found Qomoan's Merfolk Weapons.
 29887 | Shoals:1 | Reached skill level 17 in Earth Magic
 29889 | Shoals:1 | You fall into a shaft and drop 1 floor!
 30108 | Shoals:2 | Found Vintoxun's Book Shoppe.
 30244 | Shoals:2 | Found Jabaa's General Store.
 30282 | Shoals:2 | Found Immuastu's Book Shoppe.
 30317 | Shoals:2 | Reached skill level 10 in Transmutations
 30326 | Shoals:2 | Bought a manual of Spellcasting for 960 gold pieces
 30392 | Shoals:2 | Found Xevaonack's Distillery.
 30403 | Shoals:2 | Bought a potion of resistance for 140 gold pieces
 30403 | Shoals:2 | Bought a potion of curing for 42 gold pieces
 30403 | Shoals:2 | Bought a potion of brilliance for 56 gold pieces
 30403 | Shoals:2 | Bought a potion of heal wounds for 70 gold pieces
 30403 | Shoals:2 | Bought a potion of curing for 42 gold pieces
 30403 | Shoals:2 | Bought a potion of cancellation for 112 gold pieces
 30403 | Shoals:2 | Bought a potion of mutation for 112 gold pieces
 30403 | Shoals:2 | Bought a potion of mutation for 112 gold pieces
 31424 | Shoals:4 | Entered Level 4 of the Shoals
 31737 | Shoals:4 | Found Somah's Book Boutique.
 32119 | Shoals:4 | Reached skill level 18 in Earth Magic
 32211 | Shoals:4 | Got a barnacled rune of Zot
 32326 | Shoals:4 | Reached XP level 20. HP: 132/153 MP: 20/37
 32436 | Shoals:4 | Learned a level 8 spell: Necromutation
 33460 | Shoals:1 | Bought a wand of iceblast (4) for 134 gold pieces
 33460 | Shoals:1 | Bought a wand of iceblast (7) for 235 gold pieces
 33465 | Shoals:1 | Bought a throwing net for 42 gold pieces
 33465 | Shoals:1 | Bought a throwing net for 42 gold pieces
 33814 | D:13     | Lost mutation: You expend magic power (3 MP) to strengthen
                  | your wands. [potion of mutation]
 33814 | D:13     | Lost mutation: You passively dampen the noise of your
                  | surroundings. [potion of mutation]
 33814 | D:13     | Gained mutation: Your mind is acute. (Int +4, Str/Dex -1)
                  | [potion of mutation]
 33814 | D:13     | Gained mutation: You are robust. (+10% HP) [potion of
                  | mutation]
 33816 | Vaults:1 | Entered Level 1 of the Vaults
 34446 | Vaults:1 | Mangled by a boulder beetle

Illustrated notes

Levels and vault maps discovered:
D:1:      mushboom_english_gardens, layout_rooms
D:2:      layout_basic, serial_shops, nicolae_shop_stone,
          dreamdust_ecumenical_altar_hidden_monk_grotto, uniq_robin
D:3:      layout_loops_cross, gammafunk_temple_overflow_wave, serial_shops,
          nicolae_shop_stone, kennysheep_generic_room_6, uniq_terence,
          uniq_sigmund, uniq_jessica
D:4:      layout_loops_cross, gammafunk_ghost_stat_death, minmay_misc_feat_tower
D:5:      layout_basic
D:6:      layout_loops_corners, temple_statues, chequers_serial_rivers_small_3
D:7:      layout_basic, nicolae_concentric_dashed_squares_mild
D:8:      layout_loops_ring, lair_entry_dummy, dk_vineyard_2, dk_noncrumbling_3,
          hangedman_minor_gate_pass
D:9:      layout_loops_ring, kennysheep_orc_monster_closet_entryway,
          hellmonk_guarded_unrand_dark_maul
D:10:     layout_big_octagon, pf_just_have_faith, mainiacjoe_overflow_24_doors,
          grunt_decor_cap, nrook_mini_backslash, nicolae_twisting_strands,
          uniq_josephine
D:11:     layout_basic, serial_shops, shop, nicolae_shop_clearance,
          uniq_erolcha, uniq_nergalle
D:12:     layout_stronghold, st_stairs_9
D:13:     hangedman_cross_veins, layout_rooms, grunt_vaults_entry_fortified,
          minivault_25_ag
D:14:     layout_roguey, portal_ice_cave_entry_dragon,
          nicolae_dithmenos_the_darkroom, uniq_snorg
D:15:     grunt_enter_depths_giant_problem, layout_basic, hex_medium
Temple:   regret_index_temple_mists
Lair:1:   gammafunk_worm_tunnel, layout_regular_city
Lair:2:   layout_regular_city, minmay_shoals_entry_lonely_mermaid,
          nicolae_spider_entry_non_spiders, serial_rivers,
          chequers_serial_rivers_large_a, chequers_serial_rivers_small_b,
          chequers_serial_rivers_small_3, chequers_serial_rivers_micro_a,
          uniq_urug
Lair:3:   layout_regular_city, enter_volcano_2, nicolae_lair_lakeside_cave
Lair:4:   layout_cave_pods, st_stairs_12, grunt_megastairs_1
Lair:5:   evil_forest, layout_regular_city, nicolae_slime_entry_slimehenge,
          st_stairs_8
Shoals:1: nicolae_shoals_mermall, layout_shoals, uniq_mlioglotl
Shoals:2: layout_shoals, serial_shops, shop, nicolae_shop_hallway_plus,
          nicolae_shop_hallway_plus, nicolae_shop_trees,
          nicolae_shoals_beach_house_on_fowls_legs
Shoals:3: layout_shoals, nicolae_shoals_square_sea_wall,
          nicolae_shoals_this_corrosion
Shoals:4: shoals_end_grunt_ice, layout_shoals, serial_shops, nicolae_square_shop
Spider:1: layout_spider_delve, nicolae_spider_webbed_stairs, uniq_aizul
Spider:2: layout_chambers, nicolae_spider_checkerboard
Spider:3: layout_spider_delve, uniq_louise, uniq_agnes, uniq_asterion,
          uniq_mara, uniq_arachne
Spider:4: hellmonk_spider_rune_endless_swarm, nicolae_spider_nooks_and_crannies
Orc:1:    layout_caves, lightli_orcish_oven, uniq_erica, uniq_jorgrun
Orc:2:    st_orc_town, layout_caves, uniq_nessos
Vaults:1: ontoclasm_vaults_loading_screen, vaults_mumra_minichess,
          vaults_standard_mumra_x, vaults_room_grunt_arrival_ludios, v_misc_16,
          layout_vaults_omnigrid

Skill      XL: |  1  2  3  4  5  6  7  8  9 10 11 12 13 14 15 16 17 18 19 20 |
---------------+-------------------------------------------------------------+-----
Dodging        | 2 3 5 7 8 |  8.0
Fighting       | 1 2 3 5 7 9 11 12 | 12.0
Armour         | 1 2 3 5 7 9 11 12 | 12.0
Conjurations   | 4 5 |  5.0
Spellcasting   | 3 6 7 8 10 12 13 14 | 14.7
Necromancy     | 5 9 10 12 14 15 16 17 | 17.0
Shields        | 3 6 9 12 15 | 15.0
Earth Magic    | 5 10 12 13 15 16 18 | 18.5
Transmutations | 6 9 11 12 | 12.0
Stealth        | |  2.4

Action                   |  1- 3 |  4- 6 |  7- 9 | 10-12 | 13-15 | 16-18 | 19-21 || total
-------------------------+-------+-------+-------+-------+-------+-------+-------++-------
Melee: Dagger            |    20 |       |       |       |       |       |       ||    20
       Sling             |       |       |     1 |       |       |       |       ||     1
       Flail             |       |       |     8 |       |       |       |       ||     8
       Punch             |       |       |     1 |       |       |       |       ||     1
       Spear             |       |       |       |   291 |       |       |       ||   291
       Lajatang          |       |       |       |    15 |   410 |   219 |    48 ||   692
       Maul              |       |       |       |     1 |       |       |       ||     1
       Staff             |       |       |       |       |     1 |       |       ||     1
       Trident           |       |       |       |       |       |    22 |       ||    22
 Fire: Sling             |    16 |    37 |    66 |    14 |       |       |       ||   133
       Shortbow          |       |       |       |    24 |    15 |       |       ||    39
       Longbow           |       |       |       |       |    31 |       |       ||    31
       Hand crossbow     |       |       |       |       |     2 |   280 |   236 ||   518
 Cast: Magic Dart        |    56 |    30 |    29 |    17 |     2 |       |       ||   134
       Searing Ray       |       |     9 |    42 |    14 |       |       |       ||    65
       Vampiric Draining |       |       |    12 |    57 |     9 |    11 |     2 ||    91
       Borgnjor's Vile C |       |       |       |    51 |   147 |   354 |   212 ||   764
       Dispel Undead     |       |       |       |     7 |       |     3 |       ||    10
       Statue Form       |       |       |       |       |       |       |     1 ||     1
Invok: Receive Forbidden |       |       |       |       |     1 |       |       ||     1
       Unearth Wretches  |       |       |       |       |     1 |       |       ||     1
       Renounce Religion |       |       |       |       |     1 |       |       ||     1
 Abil: Dig               |       |     1 |       |     1 |       |     4 |       ||     6
       Shaft Self        |       |       |       |     2 |       |       |     1 ||     3
       End Transformatio |       |       |       |       |       |       |     1 ||     1
Evoke: Wand              |       |       |       |       |       |     1 |       ||     1
  Use: Scroll            |       |     4 |     2 |     7 |     6 |     9 |     6 ||    34
       Potion            |       |     2 |       |     1 |       |     4 |     2 ||     9
 Stab: Distracted        |       |       |       |     2 |     2 |     4 |     2 ||    10
       Sleeping          |       |       |       |       |     8 |     3 |       ||    11
       Paralysed         |       |       |       |       |     1 |       |       ||     1
       Petrified         |       |       |       |       |     2 |       |       ||     2
Armor: Robe              |    10 |     6 |    28 |    11 |       |       |       ||    55
       Leather armour    |       |       |       |    34 |       |       |       ||    34
       Troll leather arm |       |       |       |    44 |   140 |   101 |    41 ||   326
       Skin              |       |       |       |       |       |       |     6 ||     6
Dodge: Dodged            |    20 |    29 |    54 |   207 |   358 |   301 |   100 ||  1069
Block: Buckler           |       |       |       |    90 |   179 |   122 |       ||   391
       Reflection        |       |       |       |       |    11 |    10 |       ||    21
       Tower shield      |       |       |       |       |       |   123 |   172 ||   295
